 Dungeon Crawl Stone Soup version 0.21.1-1-g345015f (webtiles) character file.

91 Iko the Ducker (level 4, -1/27 HPs)
             Began as a Kobold Gladiator on June 9, 2018.
             Was an Initiate of Dithmenos.
             Slain by a worker ant (7 damage)
             ... on level 4 of the Dungeon.
             The game lasted 00:06:06 (415 turns).

Iko the Ducker (Kobold Gladiator)                    Turns: 415, Time: 00:06:07

Health: -1/27      AC:  4    Str: 11    XL:     4   Next: 88%
Magic:  4/4        EV: 16    Int: 10    God:    Dithmenos [......]
Gold:   22         SH:  0    Dex: 16    Spells: 3/3 levels left

rFire    . . .     SeeInvis .   a - +0 long sword
rCold    . . .     Gourm    .   (shield restricted)
rNeg     . . .     Faith    .   b - +0 leather armour
rPois    .         Spirit   .   c - +0 helmet
rElec    .         Reflect  .   (no cloak)
rCorr    .         Harm     .   (no gloves)
MR       .....                  (no boots)
Stlth    ++........             (no amulet)
HPRegen  0.09/turn              (no ring)
MPRegen  0.09/turn              (no ring)

@: no status effects
A: small, carnivore
a: Renounce Religion


You were on level 4 of the Dungeon.
You worshipped Dithmenos.
Dithmenos was noncommittal.
You were not hungry.

You visited 1 branch of the dungeon, and saw 4 of its levels.

You collected 22 gold pieces.

Inventory:

Hand Weapons
 a - a +0 long sword (weapon)
Missiles
 j - a throwing net (quivered)
Armour
 b - a +0 leather armour (worn)
 c - a +0 helmet (worn)
Scrolls
 e - 2 scrolls of amnesia
 g - a scroll of blinking
 h - a scroll of remove curse
Comestibles
 f - a ration


   Skills:
 + Level 2.7 Fighting
 + Level 3.3 Long Blades
 + Level 2.6 Throwing
 + Level 0.3 Armour
 + Level 4.4 Dodging
 + Level 1.0 Stealth


You had 3 spell levels left.
You didn't know any spells.

Dungeon Overview and Level Annotations

Branches:
Dungeon (4/15)
 Temple: D:4-7

Altars:
Dithmenos


Innate Abilities, Weirdness & Mutations

You are small and have problems with some larger weapons.
You are carnivorous and can eat meat at any time.


Message History

Dithmenos forgives your accidental fire-starting, just this once.
The air around you briefly surges with heat, but it dissipates.
It was a scroll of immolation.
You recover from your berserk rage.
There is an escape hatch in the floor here.
You enter the shallow water.
Moving in this stuff is going to be slow.
You enter the shallow water.
Moving in this stuff is going to be slow.
There is a stone staircase leading down here.
You see here 3 stones.
You climb downwards.
The worker ant waves its antennae.
The worker ant bites you.
* * * LOW HITPOINT WARNING * * *
There is a stone staircase leading up here.
You can't go down here!
You hit the worker ant but do no damage.
The worker ant bites you!
You die...

#......#.
##........
#.........
##.........
....).....
#.........
#oa.......
#@.......
##.....#.
######


You could see a worker ant and an orc.

Vanquished Creatures
  A killer bee zombie (D:3)
  2 worker ant zombies (D:3)
  2 adders (D:3)
  An adder zombie (D:3)
  2 adder skeletons (D:3)
  A leopard gecko (D:3)
  4 orcs (D:3)
  A giant cockroach (D:3)
  A goblin (D:3)
  2 hobgoblins (D:3)
  A ball python skeleton (D:3)
  A bat (D:3)
  A frilled lizard (D:3)
  A kobold (D:2)
21 creatures vanquished.

Notes
Turn   | Place    | Note
-------+----------+-------------------------------------------
     0 | D:1      | Iko the Kobold Gladiator began the quest for the Orb.
     0 | D:1      | Reached XP level 1. HP: 12/12 MP: 1/1
   136 | D:3      | Found a shadowy altar of Dithmenos.
   143 | D:3      | Became a worshipper of Dithmenos the Shadowed
   149 | D:3      | Reached XP level 2. HP: 17/17 MP: 2/2
   153 | D:3      | Reached skill level 4 in Dodging
   153 | D:3      | Reached XP level 3. HP: 22/22 MP: 3/3
   206 | D:3      | Found a faded altar of an unknown god.
   222 | D:3      | Reached XP level 4. HP: 6/27 MP: 4/4
   224 | D:3      | HP: 1/27 [goblin/stone (5)]
   313 | D:3      | Reached skill level 1 in Stealth
   415 | D:4      | Slain by a worker ant

Skill      XL: |  1  2  3  4 |
---------------+-------------+-----
Dodging        | 4 |  4.4
Long Blades    | 3 |  3.3
Stealth        | 1 |  1.0
Fighting       | |  2.7
Throwing       | |  2.6
Armour         | |  0.3

Action                   |  1- 3 |  4- 6 || total
-------------------------+-------+-------++-------
Melee: Long sword        |    25 |    32 ||    57
Throw: Throwing net      |     2 |     2 ||     4
  Use: Scroll            |     2 |     3 ||     5
       Potion            |     1 |     1 ||     2
 Stab: Distracted        |     1 |       ||     1
       Sleeping          |     1 |       ||     1
       Held in net/web   |       |     1 ||     1
Armor: Leather armour    |     7 |     3 ||    10
Dodge: Dodged            |    32 |    38 ||    70
       Rpst.: Long sword |    12 |     8 ||    20
